 Dungeon Crawl Stone Soup version 0.29-a0-337-g68df138881 (webtiles) character file.

Game seed: 1714429599915740148

9 cbfl8 the Sneak (level 2, -3/27 HPs)
             Began as a Minotaur Delver on Apr 16, 2022.
             Slain by a gnoll
             ... wielding a +0 spear
              (8 damage)
             ... on level 5 of the Dungeon.
             The game lasted 00:00:20 (61 turns).

cbfl8 the Sneak (Minotaur Delver)                     Turns: 61, Time: 00:00:21

Health: -3/27      AC:  5    Str: 16    XL:     2   Next: 6%
Magic:  1/1        EV: 11    Int:  7    God:
Gold:   0          SH:  0    Dex: 11    Spells: 1/1 levels left

rFire   . . .      SeeInvis .   a - +0 hand axe
rCold   . . .      Faith    .   (no shield)
rNeg    . . .      Spirit   .   b - +0 leather armour
rPois   .          Reflect  .   (helmet restricted)
rElec   .          Harm     .   h - +1 cloak
rCorr   .          Rampage  .   (no gloves)
Will    .....                   (no boots)
Stlth   ++........              (no amulet)
HPRegen 0.09/turn               (no ring)
MPRegen 0.07/turn               (no ring)

@: no status effects
A: horns 2, retaliatory headbutt
a: no special abilities


You were on level 5 of the Dungeon.
You visited 1 branch of the dungeon, and saw 2 of its levels.

Inventory:

Hand Weapons
 a - a +0 hand axe (weapon)
Armour
 b - a +0 leather armour (worn)
 h - a +1 cloak (worn)
Wands
 g - a wand of digging (3)
Scrolls
 c - a scroll of fog
 d - a scroll of magic mapping
 e - a scroll of fear
 i - a scroll of noise {unknown}
Potions
 f - a potion of haste


   Skills:
 + Level 3.7 Fighting
 + Level 2.4 Axes
 + Level 2.2 Dodging
 + Level 4.4 Stealth


You had one spell level left.
You didn't know any spells.
Your spell library was empty.

Dungeon Overview and Level Annotations

Branches:
Dungeon (6/15)
 Temple: D:4-7

Altars:


Innate Abilities, Weirdness & Mutations

You have a pair of horns on your head.
You reflexively headbutt those who attack you in melee.


Message History

A gnoll comes into view. It is wielding a +0 club.
The gnoll shouts!
The gnoll shouts!
You hear a shout!
A gnoll comes into view. It is wielding a +0 spear.
The gnoll barely misses you. You furiously retaliate!
You headbutt the gnoll. The gnoll attacks as you move away!
The gnoll barely misses you. You furiously retaliate!
You headbutt the gnoll, but do no damage.
There is a stone staircase leading down here.
The gnoll hits you from afar with a +0 spear.
The gnoll closely misses you.
You climb downwards.
Found a scroll labelled GEUVEU TISUG.
There is a stone staircase leading up here.
The gnoll closely misses you. You furiously retaliate!
You headbutt the gnoll!
The jelly quivers.
You climb upwards.
The gnoll barely misses you.
There is a stone staircase leading down here.
You barely miss the gnoll.
The gnoll is almost dead.
You hit the gnoll but do no damage. The gnoll hits you with a +0 club.
The gnoll closely misses you.
You barely miss the gnoll. You headbutt the gnoll.
You kill the gnoll!
You hit the gnoll.
The gnoll hits you from afar with a +0 spear.
The gnoll misses you.
You have reached level 2!
A hound comes into view.
The gnoll hits you with a +0 spear. The gnoll closely misses you.
You hit the gnoll. Your headbutt misses the gnoll.
The gnoll is lightly wounded.
You barely miss the gnoll. The gnoll hits you with a +0 spear!
* * * LOW HITPOINT WARNING * * *
The gnoll closely misses you. You furiously retaliate!
You headbutt the gnoll, but do no damage.
You hit the gnoll.
The gnoll is moderately wounded.
You hit the gnoll. The gnoll hits you with a +0 spear!
You die...

######## ##......##
##g.......##
#>@........#
#).g.......#
#..........#
#.h........#.
#............ ###
##.........#..
.....##.........###.
#............#
................#


You could see a hound and 2 gnolls.

Vanquished Creatures
  A gnoll (D:5)
1 creature vanquished.

Notes
Turn   | Place    | Note
-------+----------+-------------------------------------------
     0 | D:5      | cbfl8 the Minotaur Delver began the quest for the Orb.
     0 | D:5      | Reached XP level 1. HP: 19/19 MP: 0/0
    54 | D:6      | Noticed a jelly
    59 | D:5      | Reached XP level 2. HP: 16/27 MP: 1/1
    61 | D:5      | Slain by a gnoll

Illustrated notes

Levels and vault maps discovered:
D:5:      kennysheep_spiral_hall, layout_rooms, ashenzari_altar_1,
          nicolae_overflow_crystal_walls, minmay_temple_entry_glassed_door
D:6:      layout_loops_ring, dancing_weapons_uskayaw, st_stairs_12

Action                   || total
-------------------------++-------
Melee: Hand axe          ||     4
       Headbutt          ||     1
Dodge: Dodged            ||     9

Table legend: (Time is in decaauts)
 A = Elapsed time spent in this place.
 B = Non-inter-level travel time spent in this place.
 C = Inter-level travel time spent in this place.
 D = Time resting spent in this place.
 E = Time spent auto-exploring this place.
 F = Levels seen in this place.
 G = Mean time per level.
                   A        B        C        D        E       F      G
               +--------+--------+--------+--------+--------+-----+--------+
         Total |     61 |     61 |      0 |      0 |      0 |   2 |   30.5 |
       Dungeon |     61 |     61 |      0 |      0 |      0 |   2 |   30.5 |
               +--------+--------+--------+--------+--------+-----+--------+

Top non-repeatable levels by time:
     D:5: 59 daAuts
     D:6: 1 daAuts
